cohdb
Replays
Latest Replays
All Replays
Popular Replays
Top Player Replays
Match Explorer
How It Works
Community
CoH3 Stats
Reddit
Sign in to upload your games and track your stats! →
Sign in with Steam
8 pio start mechanized, bonkers game
Match 20903238
Overview
Messages
Build Orders
End
Pioneer Squad
Pioneer Squad
Pioneer Squad
Pioneer Squad
Pioneer Squad
Pioneer Squad
Pioneer Squad
Pioneer Squad
Pioneer Squad
Selects Mechanized Battlegroup
Selects Mechanized Battlegroup
Medical Station
Construct Infanterie Kompanie
Infanterie Officer Quarters
MG 42 Machine Gun Team
Construct Panzergrenadier Kompanie
Selects Raid Package
Pak 40 Anti-tank Gun Team
Pak 40 Anti-tank Gun Team
Pak 40 Anti-tank Gun Team
Panzergrenadier Officer Quarters
Selects StuG Assault Group
StuG Assault Group
StuG Assault Group
Selects Mobile Repair Stations
Pioneer Squad
Selects Wespe Self-propelled Artillery
Wespe Self-propelled Artillery
Pioneer Squad
Pioneer Squad
Pioneer Squad
Wespe Self-propelled Artillery
Pak 40 Anti-tank Gun Team
Pioneer Squad
Pioneer Squad
Pak 40 Anti-tank Gun Team
Pioneer Squad
AI Takeover
中國武漢肺炎
Washington Irving
0
0
Comments
sign in to comment!
No comments posted yet!